AoeStats
← Rosa Mélano

Pilgrims

509783470Analyzed
3v3 RM · 5d ago on Sep 28, 2026· 44m 26s· 6 players
Game mode
Random Map
Map size
Normal (6 player)
Population
200
Speed
Normal
Resources
Standard
Victory
Conquest
Starting age
Dark Age
Ending age
Imperial Age
RankedLock teamsTeams togetherTeam positionsShared explorationLock speedFull tech treeHidden civsTurbo modeCheats
Victory
Defeat
🇵🇪 Mongols · Peru
1183
+15
🇦🇷 Mongols · Argentina
1172
+15
🇺🇸 Huns · United States
1149
+16
🇨🇱 Varangians · Chile
1175
-16
🇨🇱 Saracens · Chile
1170
-16
🇨🇱 Franks · Chile
1121
-14
Havoc_
6:19 Loom
13:16 Feudal Age
17:34 Castle Age
15:55 Double-Bit Axe
15:53 Horse Collar
17:21 Bloodlines
18:57 Bow Saw
19:27 Wheelbarrow
21:11 Scale Barding Armor
23:17 Chain Barding Armor
26:54 Forging
27:17 Husbandry
30:20 Gold Mining
31:13 Iron Casting
30:56 Town Watch
35:07 Imperial Age
32:07 Light Cavalry
34:05 Fletching
35:33 Bodkin Arrow
35:17 Hussar
36:27 Conscription
37:57 Blast Furnace
37:18 Hand Cart
40:03 Town Patrol
40:22 Bracer
40:44 Ballistics
41:23 Stone Mining
42:08 Gold Shaft Mining
42:36 Chemistry
43:27 Padded Archer Armor
GonzaloMig
4:58 Loom
11:59 Feudal Age
12:41 Town Watch
14:18 Wheelbarrow
19:23 Castle Age
17:19 Fishing Lines
19:15 Gold Mining
19:15 Stone Mining
21:16 Stone Shaft Mining
34:08 Gold Shaft Mining
41:22 Horse Collar
42:11 Hand Cart
42:05 Double-Bit Axe
43:34 Heavy Plow
BigPharmA
7:35 Loom
10:21 Feudal Age
11:18 Double-Bit Axe
12:25 Gold Mining
16:10 Castle Age
14:19 Stone Mining
15:35 Scale Barding Armor
15:24 Fletching
15:47 Bloodlines
16:00 Fishing Lines
16:58 Horse Collar
17:56 Husbandry
19:47 Heavy Plow
20:05 Bow Saw
21:08 Chain Barding Armor
24:20 Forging
25:57 Ballistics
25:35 Murder Holes
28:05 Bodkin Arrow
28:48 Iron Casting
29:43 Bodkin Arrow
30:29 Thumb Ring
30:44 Masonry
32:13 Padded Archer Armor
33:24 Leather Archer Armor
34:51 Pikeman
36:13 Wheelbarrow
36:10 Squires
40:35 Hand Cart
47:18 Imperial Age
Rosa Mélano
7:45 Loom
10:01 Feudal Age
10:49 Double-Bit Axe
13:27 Fletching
16:54 Castle Age
19:14 Bodkin Arrow
19:43 Medium Warships
24:11 Forging
24:06 Scale Barding Armor
25:17 Horse Collar
25:39 Fishing Lines
26:31 Husbandry
26:41 Bloodlines
27:12 Town Watch
30:49 Imperial Age
29:19 Scale Mail Armor
30:58 Wheelbarrow
34:11 Bracer
36:05 Gothikon
37:40 Hand Cart
38:14 Conscription
39:30 Chain Mail Armor
39:50 Iron Casting
41:56 Town Patrol
42:49 Squires
42:52 Pikeman
Larry Kapija
4:24 Loom
11:13 Feudal Age
12:30 Double-Bit Axe
21:45 Castle Age
20:59 Scale Barding Armor
24:26 Chain Barding Armor
28:26 Forging
36:01 Iron Casting
39:06 Imperial Age
39:18 Cavalier
40:35 Plate Barding Armor
41:01 Blast Furnace
40:49 Wheelbarrow
Teórico
12:12 Loom
13:58 Feudal Age
18:19 Castle Age
19:48 Wheelbarrow
27:32 Imperial Age
30:27 Imperial Age
36:12 Double-Bit Axe
40:36 Hand Cart
Connection lost

Rejoining the realm…

Still unreachable

The connection could not be restored.

Session expired

The server has moved on; the page needs a fresh start.